 Dungeon Crawl Stone Soup version 0.29-a0-575-g0dc89cf053 (webtiles) character file.

Game seed: 5055003974846947806

286538 inmateoo the Phalangite (level 19, -9/152 HPs)
             Began as a Demonspawn Fighter on June 12, 2022.
             Was the Champion of Okawaru.
             Killed from afar by a deep elf elementalist (23 damage)
             ... with a fireball
             ... on level 3 of the Elven Halls on June 13, 2022.
             The game lasted 00:51:07 (37300 turns).

inmateoo the Phalangite (Demonspawn Fighter)       Turns: 37300, Time: 00:51:08

Health: -9/152     AC: 25    Str: 35    XL:     19   Next: 83%
Magic:  0/30       EV: 12    Int:  7    God:    Okawaru [******]
Gold:   2603       SH: 17    Dex: 11    Spells: 18/18 levels left

rFire   + . .      SeeInvis .   I - +9 trident (spect)
rCold   + + +      Faith    .   E - +0 tower shield {reflect}
rNeg    + . .      Spirit   +   r - +2 plate armour {Will+}
rPois   +          Reflect  +   y - +0 hat of Amorality {rCorr Slay+3}
rElec   +          Harm     .   P - +2 cloak {Will+}
rCorr   +          Rampage  .   n - +1 pair of gloves "Vowkod Naho" {rC++ Str+8 Int-5 Dex-3}
Will    +++..                   m - +0 pair of boots "Xugej" {rN+ rCorr Stlth+}
Stlth   ..........              J - amulet of Imema {Regen+ Str+3 Int+3}
HPRegen 1.15/turn               v - ring "Dodos" {Fly rElec rPois rC+ Slay-2}
MPRegen 0.44/turn               H - ring of protection from fire

@: about to teleport, flying, studying Invocations
A: (demonic guardian 2), magic shield, magic regeneration, magic link, sturdy
frame 3, weakness stinger 2
}: 2/15 runes: decaying, serpentine
a: Renounce Religion, Heroism, Finesse, Duel


You were on level 3 of the Elven Halls.
You worshipped Okawaru.
Okawaru was exalted by your worship.
You visited 7 branches of the dungeon, and saw 35 of its levels.
You visited the Abyss 1 time.
You also visited: Bailey and Gauntlet.

You collected 3605 gold pieces.
You spent 1002 gold pieces at shops.

Inventory:

Hand Weapons
 C - a +3 vampiric demon trident
 I - a +9 spectral trident (weapon)
Armour
 m - the +0 pair of boots "Xugej" (worn) {rN+ rCorr Stlth+}
   (Okawaru gifted it to you on level 4 of the Swamp)

   rN:        It protects you from negative energy.
   rCorr:     It protects you from acid and corrosion.
   Stlth:     It makes you more stealthy.
 n - the +1 pair of gloves "Vowkod Naho" (worn) {rC++ Str+8 Int-5 Dex-3}
   (Okawaru gifted it to you on level 6 of the Lair of Beasts)

   Str:       It affects your strength (+8).
   Int:       It affects your intelligence (-5).
   Dex:       It affects your dexterity (-3).
   rC:        It greatly protects you from cold.
 r - a +2 plate armour of willpower (worn)
 y - the +0 hat of Amorality (worn) {rCorr Slay+3}
   (Okawaru gifted it to you on level 11 of the Dungeon)

   Slay:      It affects your accuracy & damage with ranged weapons and melee
   (+3).
   rCorr:     It protects you from acid and corrosion.
 z - the +0 chain mail of the Villain {rF+++}
   (You found it on level 7 of the Dungeon)

   rF:        It renders you almost immune to fire.
 E - a +0 tower shield of reflection (worn)
 L - the +0 cloak of Chill Winds {rN+ Str+7 Dex-2 Stlth+}
   (You acquired it on level 4 of the Swamp)

   Str:       It affects your strength (+7).
   Dex:       It affects your dexterity (-2).
   rN:        It protects you from negative energy.
   Stlth:     It makes you more stealthy.
 P - a +2 cloak of willpower (worn)
Jewellery
 o - a ring of protection from fire
 v - the ring "Dodos" (left hand) {Fly rElec rPois rC+ Slay-2}
   (You bought it in a shop on level 3 of the Elven Halls)

   [ring of protection from cold]

   Slay:      It affects your accuracy & damage with ranged weapons and melee
   (-2).
   rC:        It protects you from cold.
   rElec:     It insulates you from electricity.
   rPois:     It protects you from poison.
   Fly:       It grants you flight.
 H - a ring of protection from fire (right hand)
 J - the amulet of Imema (around neck) {Regen+ Str+3 Int+3}
   (You took it off a centaur warrior on level 10 of the Dungeon)

   [amulet of regeneration]

   Str:       It affects your strength (+3).
   Int:       It affects your intelligence (+3).
   Regen:     It increases your rate of health regeneration.
Wands
 s - a wand of iceblast (40)
 u - a wand of mindburst (10)
 x - a wand of digging (14)
 F - a wand of flame (20)
 K - a wand of paralysis (9)
 S - a wand of polymorph (17)
Scrolls
 c - 4 scrolls of brand weapon
 e - 3 scrolls of fog
 f - 10 scrolls of teleportation
 i - a scroll of silence
 j - 6 scrolls of fear
 l - 8 scrolls of enchant armour
 B - 6 scrolls of poison
 D - 14 scrolls of identify
 M - 5 scrolls of magic mapping
 O - 5 scrolls of blinking
Potions
 a - 3 potions of flight
 d - 7 potions of might
 g - 11 potions of mutation
 h - 17 potions of heal wounds
 k - 4 potions of berserk rage
 p - 17 potions of curing
 q - 3 potions of resistance
 t - 8 potions of invisibility
 w - 9 potions of brilliance
 A - 6 potions of haste
 G - 2 potions of magic
 N - 3 potions of cancellation
Miscellaneous
 R - a condenser vane (inert)


   Skills:
 + Level 14.0 Fighting
 - Level 3.1(14.1) Axes
 * Level 21.0(21.1) Polearms
 + Level 13.5 Armour
 + Level 12.2 Dodging
 + Level 13.5 Shields
 + Level 15.0 Invocations


You had 18 spell levels left.
You didn't know any spells.
Your spell library contained the following spells:

 Spells                   Type           Power      Damage    Failure   Level
 Beastly Appendage        Tmut           0%         N/A       98%         1
 Magic Dart               Conj           0%         1d3       98%         1
 Sting                    Tmut/Pois      0%         1d3       98%         1
 Blink                    Tloc           0%         N/A       99%         2
 Ensorcelled Hibernation  Hex/Ice        0%         N/A       99%         2
 Poisonous Vapours        Pois/Air       0%         N/A       99%         2
 Scorch                   Fire           0%         2d5       99%         2
 Static Discharge         Conj/Air       0%         N/A       99%         2
 Wereblood                Tmut           0%         N/A       99%         2
 Gell's Gravitas          Tloc           0%         N/A       100%        3
 Ignite Poison            Fire/Tmut/Pois 0%         N/A       100%        3
 Lesser Beckoning         Tloc           0%         N/A       100%        3
 Mephitic Cloud           Conj/Pois/Air  0%         N/A       100%        3
 Spider Form              Tmut/Pois      0%         N/A       100%        3
 Stone Arrow              Conj/Erth      0%         3d7       100%        3
 Teleport Other           Tloc           0%         N/A       100%        3
 Anguish                  Hex/Necr       0%         N/A       100%        4
 Dispel Undead            Necr           0%         3d6       100%        4
 Flame Wave               Conj/Fire      0%         2d4       100%        4
 Olgreb's Toxic Radiance  Pois           0%         N/A       100%        4
 Alistair's Intoxication  Tmut/Pois      0%         N/A       100%        5
 Blade Hands              Tmut           0%         N/A       100%        5
 Borgnjor's Vile Clutch   Necr/Erth      0%         N/A       100%        5
 Freezing Cloud           Conj/Ice/Air   0%         6-21      100%        5
 Lightning Bolt           Conj/Air       0%         1d11      100%        5
 Manifold Assault         Tloc           0%         N/A       100%        5
 Dispersal                Tloc           0%         N/A       100%        6
 Eringya's Noxious Bog    Tmut/Pois      0%         N/A       100%        6
 Iron Shot                Conj/Erth      0%         9d1       100%        6
 Enfeeble                 Hex            0%         N/A       100%        7
 Orb of Destruction       Conj           0%         9d5       100%        7
 Storm Form               Tmut/Air       0%         N/A       100%        7
 Lehudib's Crystal Spear  Conj/Erth      0%         10d2      100%        8
 Maxwell's Capacitive Co  Air            0%         ∞         100%        8
 Summon Small Mammal      Summ           Unusable   N/A       N/A         1
 Call Imp                 Summ           Unusable   N/A       N/A         2
 Call Canine Familiar     Summ           Unusable   N/A       N/A         3
 Summon Guardian Golem    Hex/Summ       Unusable   N/A       N/A         3
 Animate Armour           Summ/Erth      Unusable   N/A       N/A         4
 Summon Lightning Spire   Summ/Air       Unusable   N/A       N/A         4
 Summon Cactus Giant      Summ           Unusable   N/A       N/A         6
 Malign Gateway           Summ/Tloc      Unusable   N/A       N/A         7
 Monstrous Menagerie      Summ           Unusable   N/A       N/A         7
 Spellforged Servitor     Conj/Summ      Unusable   N/A       N/A         7

Dungeon Overview and Level Annotations

Branches:
Dungeon (15/15)            Temple (1/1) D:7            Lair (6/6) D:8
  Swamp (4/4) Lair:3        Snake (4/4) Lair:2        Slime (0/5) Lair:6
    Orc (2/2) D:10            Elf (3/3) Orc:2        Vaults (0/5) D:14
 Depths (0/4) D:15         Bailey (visited)         Gauntlet (visited)

Altars:
Ashenzari
Cheibriados
Dithmenos
Elyvilon
Fedhas
Gozag
Hepliaklqana
Kikubaaqudgha
Makhleb
Nemelex Xobeh
Okawaru
Qazlal
Ru
Sif Muna
Trog
Uskayaw
Vehumet
Wu Jian
Xom
Yredelemnul
Zin
The Shining One
Beogh
Jiyva

Shops:
D:8 !   D:12 (   Orc:2 [[(*   Elf:3 =   Snake:2 *

Annotations:
D:1 2 transporters
D:7 1 runed translucent door, Peppero's ghost, novice GnCj
Swamp:4 NoAnimeNoLife's ghost, adept KoBr; Roxanne
Snake:2 3 runed translucent doors, exclusion: obsidian statue, Zibatyor's ghost, journeyman MiFi
Elf:2 3 runed translucent doors


Innate Abilities, Weirdness & Mutations

((A demonic guardian rushes to your aid.))
When hurt, damage is shared between your health and your magic reserves.
You regenerate magic rapidly.
When low on magic, you restore magic in place of health.
Your movements are significantly less encumbered by armour. (ER -6)
You have a tail ending in a sharp stinger.


Message History

You puncture the deep elf pyromancer!
You kill the deep elf pyromancer!
Okawaru accepts your kill.
You are covered in liquid flames!
The deep elf elementalist mumbles some strange words.
The deep elf elementalist seems to speed up.
Reach: I) +9 trident (spect)
Press: ? - help, Dir - move target, f - deep elf elementalist
Aim: a deep elf elementalist, wielding a +0 rapier and wearing a +0 ring mail (fast, spells empowered, repelling missiles, about 27% to evade your +9 spectral trident)
You impale the deep elf elementalist!!
The deep elf elementalist is moderately wounded.
Your +9 spectral trident closely misses the deep elf elementalist.
You are covered in liquid flames!
The deep elf elementalist hits you but does no damage.
A deep elf sorcerer comes into view. It is wielding a +0 rapier.
A deep elf annihilator comes into view. It is wielding a +0 short sword.
The deep elf elementalist hits you but does no damage.
Reach: I) +9 trident (spect)
Press: ? - help, Dir - move target, f/p - deep elf elementalist
Aim: a deep elf elementalist, wielding a +0 rapier and wearing a +0 ring mail (moderately wounded, fast, spells empowered, repelling missiles, about 27% to evade your +9 spectral trident)
You closely miss the deep elf elementalist.
The deep elf elementalist is moderately wounded.
Your +9 spectral trident hits the deep elf elementalist from afar!
You are covered in liquid flames!
* * * LOW HITPOINT WARNING * * *
The deep elf sorcerer's eyes start to glow.
The deep elf sorcerer points at you and mumbles some strange words.
The sphere of damnation explodes!
The damnation engulfs you!!
* * * LOW HITPOINT WARNING * * *
Blink to where?
Press: ? - help, Dir - move target, p - deep elf elementalist
As you read the scroll of blinking, it crumbles to dust.
As you read the scroll of teleportation, it crumbles to dust.
You feel strangely unstable.
The deep elf elementalist casts a spell at you.
The fireball explodes!
The fireball engulfs you! You resist.
* * * LOW HITPOINT WARNING * * *
The deep elf elementalist gestures at you while chanting.
The fireball explodes!
The fireball engulfs you!! You resist.
You die...

#......e##...............##..,,,,
#......))e......###.......'..,,,,
##.....##)e....## ##......#*,,,,,
##...###.....## ##.....#**,,,*
##'##.#.....# #.....#,**+**
#.....#.....## ##.....#,,,,,*
#.[)..#......## ##...)..#,,,,,*
##)|:.#.......###.......#,,,,**
##}.=##......@........##,,,**
###.|##.............##,,***
##.}#.............#,,**
######.........###*** ##.......##
####.#### #..)...# #......##
#.......#


You could see 2 deep elf elementalists.

Vanquished Creatures
  Vashnia (Snake:3)
  Nikola (Snake:4)
  Mlioglotl (Swamp:2)
  Rupert (Orc:1)
  2 deep elf blademasters (Elf:3)
  2 deep elf master archers (Elf:3)
  A thorn hunter (Swamp:4)
  2 tentacled starspawn (Abyss:3)
  The ghost of SeagullWaffle the Warrior, an adept DsBe of Trog (Swamp:2)
  Agnes (Elf:1)
  7 nagarajas
  A fenstrider witch (Swamp:2)
  An orc warlord (Orc:1)
  6 deep elf sorcerers
  2 ghouls (Swamp:4)
  5 deep elf elementalists (Elf:3)
  An angel (Abyss:3)
  Aizul (Snake:2)
  4 deep elf demonologists
  3 eleionomae
  A minotaur (Gauntlet)
  3 bunyips
  9 deep elf annihilators (Elf:3)
  An ettin (Orc:2)
  5 deep elf death magi
  4 deep elf high priests (Elf:3)
  3 shambling mangroves
  A spectral fenstrider witch (Swamp:4)
  33 hydras
  Fannar (D:12)
  5 boulder beetles
  3 salamander tyrants
  A rakshasa (Abyss:3)
  2 catoblepae
  7 two-headed ogres
  5 centaur warriors
  12 alligators
  19 naga warriors
  9 anacondas
  3 ghost crabs
  Erica (D:11)
  7 shock serpents
  A tengu warrior (D:14)
  Urug (D:11)
  14 dancing weapons
  17 naga sharpshooters
  A thrashing horror (Abyss:3)
  5 orc high priests
  8 deep elf knights
  A spriggan berserker (Swamp:4)
  3 wretched stars (Abyss:3)
  2 spectral spriggans
  A fire crab (Gauntlet)
  3 skeletal warriors (D:15)
  6 salamander mystics
  A goliath frog (Swamp:4)
  A sea snake (Snake:3)
  A swamp dragon (shapeshifter) (Elf:1)
  5 bog bodies
  8 spriggan druids
  3 glowing orange brains
  4 swamp dragons (Swamp:4)
  5 wizards
  6 deep elf archers
  3 fenstrider witch simulacra (Swamp:4)
  6 naga ritualists
  23 ugly things
  22 deep elf zephyrmancers
  2 necromancers
  A wolf spider (Lair:6)
  12 mana vipers
  7 orc sorcerers
  26 deep elf pyromancers
  6 orc knights
  4 will-o-the-wisps
  2 cyclopes
  2 manticores (D:12)
  15 salamanders
  51 black mambas
  A moth of wrath (Gauntlet)
  2 worldbinders (Abyss:2)
  3 gargoyles
  21 naga magi
  10 elephants (Lair:6)
  4 guardian serpents
  Joseph (Lair:1)
  18 cane toads
  A cane toad (shapeshifter) (D:13)
  A centaur skeleton (D:15)
  A smoke demon (Abyss:2)
  An unseen horror (D:11)
  Psyche (D:11)
  A komodo dragon (shapeshifter) (D:12)
  Maggie (D:8)
  4 rime drakes
  A kobold demonologist (D:10)
  3 unseen horror zombies (D:8)
  A yaktaur (D:12)
  A tengu conjurer (D:14)
  4 komodo dragons
  A harpy zombie (D:15)
  9 polar bears (Lair:6)
  A spectral death drake (Swamp:4)
  9 meliai
  5 trolls
  12 tyrant leeches
  27 hornets
  13 blink frogs
  3 raiju
  13 slime creatures
  2 air elementals (Elf:2)
  2 centaur simulacra
  24 spriggans
  2 shadows
  3 large abominations (Abyss:3)
  A vampire (D:12)
  3 wraiths
  2 fire bats (Gauntlet)
  7 water elementals
  14 wyverns
  A human (D:10)
  2 fire elementals (Elf:2)
  4 basilisks
  44 yaks
  4 redbacks
  A spriggan simulacrum (Swamp:2)
  A neqoxec (Abyss:3)
  7 vampire mosquitoes
  2 steam dragons
  11 swamp worms
  45 nagas
  3 acid dragons
  8 wargs
  22 water moccasins
  13 hell hounds (Lair:6)
  A death drake simulacrum (Swamp:4)
  A floating eye (Elf:2)
  A sky beast (D:4)
  18 orc warriors
  10 swamp drakes
  11 black bears (Lair:6)
  5 ogres
  2 boggarts (Elf:1)
  A hornet zombie (D:8)
  37 wolves
  10 centaurs
  A wyvern zombie (D:8)
  3 kobold brigands
  16 bullfrogs
  4 necrophages
  5 earth elementals
  2 gnoll sergeants
  3 scorpions
  4 wights (D:10)
  A killer bee (D:8)
  4 electric eels (D:11)
  6 howler monkeys
  2 jellies
  3 centaur zombies
  14 orc priests
  7 hounds
  Crazy Yiuf (D:4)
  2 iguanas
  An iron imp (Abyss:3)
  17 orc wizards
  2 killer bee zombies (D:8)
  13 adders
  18 gnolls
  A shadow imp (D:6)
  3 white imps
  An ufetubus (D:6)
  2 worms
  4 dart slugs
  71 orcs
  3 endoplasms
  5 giant cockroaches
  10 goblins
  6 hobgoblins
  4 jackals (D:5)
  13 kobolds
  6 ball pythons
  2 bats
  3 frilled lizards
  3 rats (D:2)
  A starspawn tentacle (Abyss:3)
1224 creatures vanquished.

Vanquished Creatures (others)
  A deep elf knight (Elf:3)
  A spectral spriggan (Swamp:2)
  4 bloated husks
  A hornet (Swamp:2)
  An air elemental (Elf:2)
  A spriggan (Swamp:2)
  3 vampire mosquitoes (Swamp:2)
  A hydra simulacrum (Swamp:2)
  A swamp drake (Swamp:2)
  A kobold (D:10)
  12 foxfires
  14 fungi
  56 plants
  3 starspawn tentacles (Abyss:3)
  14 withered plants (Gauntlet)
114 creatures vanquished.

Grand Total: 1338 creatures vanquished

Notes
Turn   | Place    | Note
-------+----------+-------------------------------------------
     0 | D:1      | inmateoo the Demonspawn Fighter began the quest for the
                  | Orb.
     0 | D:1      | Reached XP level 1. HP: 18/18 MP: 1/1
   127 | D:1      | Reached skill level 2 in Polearms
   305 | D:1      | Gained mutation: Your movements are slightly less
                  | encumbered by armour. (ER -2) [demonic ancestry]
   305 | D:1      | Reached XP level 2. HP: 24/24 MP: 2/2
  1010 | D:2      | Reached XP level 3. HP: 21/29 MP: 3/3
  1579 | D:2      | Found a faded altar of an unknown god.
  1615 | D:2      | Reached XP level 4. HP: 31/35 MP: 4/4
  1791 | D:2      | Reached skill level 3 in Polearms
  2725 | D:3      | Gained mutation: You regenerate magic rapidly. [demonic
                  | ancestry]
  2725 | D:3      | Reached XP level 5. HP: 39/42 MP: 5/5
  3129 | D:3      | Found a hide-covered altar of Uskayaw.
  3659 | D:4      | Reached XP level 6. HP: 48/48 MP: 6/6
  3888 | D:4      | Reached skill level 4 in Polearms
  4087 | D:4      | Found a runed translucent door.
  4088 | D:4      | Noticed Crazy Yiuf
  4105 | D:4      | Killed Crazy Yiuf
  4352 | D:4      | Identified the +1 ring mail of Sorcery {Harm rPois Str+2
                  | Dex-4}
  4726 | D:4      | Noticed a sky beast
  4742 | D:4      | Killed a sky beast
  4743 | D:4      | Reached XP level 7. HP: 49/55 MP: 7/7
  4881 | D:5      | Entered Level 5 of the Dungeon
  4998 | D:5      | Reached skill level 5 in Polearms
  5417 | D:5      | Reached skill level 5 in Fighting
  6026 | D:5      | Gained mutation: A weak demonic guardian rushes to your
                  | aid. [demonic ancestry]
  6026 | D:5      | Reached XP level 8. HP: 59/62 MP: 8/8
  6498 | D:6      | Reached skill level 6 in Polearms
  6654 | D:6      | Reached skill level 5 in Armour
  6983 | D:7      | Reached skill level 5 in Shields
  7158 | D:7      | Found a staircase to the Ecumenical Temple.
  7187 | D:7      | Identified the +0 chain mail of the Villain {rF+++}
  7250 | Temple   | Entered the Ecumenical Temple
  7480 | Temple   | Became a worshipper of Warmaster Okawaru
  7497 | D:7      | Found a runed translucent door.
  7498 | D:7      | Noticed Peppero's ghost (novice GnCj)
  7645 | D:7      | Found a hazy altar of Hepliaklqana.
  7879 | D:8      | Noticed Maggie
  7907 | D:8      | Killed Maggie
  8176 | D:8      | Found a sparkling altar of Nemelex Xobeh.
  8207 | D:8      | Found Uvaesit's Distillery.
  8220 | D:8      | Bought 3 potions of heal wounds for 225 gold pieces
  8220 | D:8      | Bought a potion of haste for 150 gold pieces
  8260 | D:8      | Reached * piety under Okawaru
  8261 | D:8      | Reached skill level 7 in Polearms
  8261 | D:8      | Gained mutation: You have a small tail. [demonic ancestry]
  8261 | D:8      | Reached XP level 9. HP: 63/69 MP: 9/9
  8285 | D:8      | Reached ** piety under Okawaru
  8578 | D:8      | Found a basalt altar of Yredelemnul.
  8677 | D:8      | Found a shadowy altar of Dithmenos.
  8703 | D:8      | Found a sacrificial altar of Ru.
  8807 | D:8      | Reached skill level 8 in Polearms
  8918 | D:8      | Found a staircase to the Lair.
  9144 | D:8      | Found a bloodstained altar of Trog.
  9147 | D:8      | Found a blossoming altar of Fedhas.
  9150 | D:8      | Found a stormy altar of Qazlal.
  9153 | D:8      | Found an ornate altar of the Wu Jian Council.
  9208 | D:9      | Found an opulent altar of Gozag.
  9265 | D:9      | Noticed a troll
  9276 | D:9      | Killed a troll
  9276 | D:9      | Reached *** piety under Okawaru
  9277 | D:9      | Reached skill level 1 in Invocations
  9277 | D:9      | Gained mutation: When hurt, damage is shared between your
                  | health and your magic reserves. [demonic ancestry]
  9277 | D:9      | Reached XP level 10. HP: 58/79 MP: 10/10
  9287 | D:9      | Found a flagged portal.
  9310 | Bailey   | Entered a bailey
  9338 | Bailey   | Reached skill level 1 in Axes
  9378 | Bailey   | Reached **** piety under Okawaru
  9379 | Bailey   | Reached skill level 1 in Dodging
  9400 | Bailey   | Noticed a two-headed ogre
  9416 | Bailey   | Killed a two-headed ogre
  9719 | Bailey   | Identified the +6 quarterstaff of Cor Vez {venom, MP+9}
 10197 | D:9      | Reached skill level 5 in Invocations
 10238 | D:9      | Reached ***** piety under Okawaru
 10446 | D:10     | Entered Level 10 of the Dungeon
 10455 | D:10     | Noticed a gargoyle
 10474 | D:10     | Killed a gargoyle
 10621 | D:10     | Noticed an orange demon
 10658 | D:10     | Gained mutation: When low on magic, you restore magic in
                  | place of health. [demonic ancestry]
 10658 | D:10     | Reached XP level 11. HP: 46/86 MP: 8/15
 10681 | D:10     | Reached skill level 9 in Polearms
 10767 | D:10     | Identified the amulet of Imema {Regen+ Str+3 Int+3}
 10767 | D:10     | Noticed a centaur warrior
 10791 | D:10     | Killed a centaur warrior
 10864 | D:10     | Found a staircase to the Orcish Mines.
 10974 | D:10     | Noticed an angel
 10976 | D:10     | Found a shimmering altar of Xom.
 11499 | D:11     | Noticed a six-headed hydra
 11511 | D:11     | Killed a six-headed hydra
 11547 | D:11     | Noticed a two-headed ogre
 11565 | D:11     | Killed a two-headed ogre
 11565 | D:11     | Received a gift from Okawaru
 11713 | D:11     | Noticed an eight-headed hydra
 11724 | D:11     | Killed an eight-headed hydra
 11955 | D:11     | Noticed Erica
 11979 | D:11     | Killed Erica
 12228 | D:11     | Noticed a two-headed ogre
 12229 | D:11     | Noticed Psyche
 12236 | D:11     | Killed a two-headed ogre
 12240 | D:11     | Killed Psyche
 12320 | D:11     | Noticed Urug
 12337 | D:11     | Killed Urug
 12337 | D:11     | Reached ****** piety under Okawaru
 12337 | D:11     | Identified the +0 hat of Amorality {rCorr Slay+3} (Okawaru
                  | gifted it to you on level 11 of the Dungeon)
 12337 | D:11     | Received a gift from Okawaru
 12338 | D:11     | Reached skill level 10 in Polearms
 12950 | D:12     | Noticed a boulder beetle
 12959 | D:12     | Killed a boulder beetle
 12960 | D:12     | Reached XP level 12. HP: 76/94 MP: 16/18
 13094 | D:12     | Noticed Fannar
 13136 | D:12     | Killed Fannar
 13256 | D:12     | Reached skill level 10 in Invocations
 13282 | D:12     | Found Kenom's Weapon Boutique.
 13451 | D:12     | Found the +6 shillelagh "Devastator" {shatter}
 13496 | D:12     | Noticed a two-headed ogre
 13505 | D:12     | Killed a two-headed ogre
 13505 | D:12     | Identified the +2 robe of the Doge {Dex+2} (Okawaru gifted
                  | it to you on level 12 of the Dungeon)
 13505 | D:12     | Received a gift from Okawaru
 13506 | D:12     | Reached skill level 5 in Dodging
 13530 | D:12     | Reached skill level 11 in Polearms
 13550 | D:12     | Got the Papyrus of Companions and Evil Magic
 13796 | D:13     | Noticed a two-headed ogre
 13802 | D:13     | Killed a two-headed ogre
 13811 | D:13     | Noticed a two-headed ogre
 13818 | D:13     | Killed a two-headed ogre
 13844 | D:13     | Noticed a four-headed hydra
 13846 | D:13     | Killed a four-headed hydra
 14449 | D:14     | Noticed a centaur warrior
 14456 | D:14     | Killed a centaur warrior
 14457 | D:14     | Gained mutation: A demonic guardian rushes to your aid.
                  | [demonic ancestry]
 14457 | D:14     | Reached XP level 13. HP: 76/101 MP: 14/20
 14802 | D:14     | Received a gift from Okawaru
 14969 | D:14     | Reached skill level 10 in Fighting
 14969 | D:14     | Reached skill level 12 in Polearms
 15420 | D:14     | Found a gate to the Vaults.
 15530 | D:15     | Entered Level 15 of the Dungeon
 15872 | D:15     | Found a shimmering blue altar of Sif Muna.
 16003 | D:15     | Reached XP level 14. HP: 101/110 MP: 21/21
 16034 | D:15     | Reached skill level 13 in Polearms
 16108 | D:15     | Found an ornate altar of the Wu Jian Council.
 16141 | D:15     | Cast into level 2 of the Abyss (a wizard)
 16348 | Abyss:3  | Noticed a tentacled starspawn
 16358 | Abyss:3  | Killed a tentacled starspawn
 16408 | Abyss:3  | Noticed a tentacled starspawn
 16423 | Abyss:3  | Killed a tentacled starspawn
 16443 | Abyss:3  | Noticed an angel
 16469 | Abyss:3  | Killed an angel
 16474 | D:15     | Escaped the Abyss
 16488 | D:15     | Identified the +3 ring mail of Okawaru's Favour {Drain
                  | +Blink rF+ Will++} (Okawaru gifted it to you on level 15 of
                  | the Dungeon)
 16488 | D:15     | Received a gift from Okawaru
 16551 | D:15     | Found a staircase to the Depths.
 16560 | D:15     | Reached skill level 10 in Armour
 16560 | D:15     | Reached skill level 10 in Shields
 16831 | Lair:1   | Entered Level 1 of the Lair of Beasts
 17376 | Lair:1   | Noticed Joseph
 17385 | Lair:1   | Killed Joseph
 18051 | Lair:2   | Found a staircase to the Snake Pit.
 18412 | Lair:3   | Reached skill level 14 in Polearms
 18696 | Lair:3   | Found a staircase to the Swamp.
 19465 | Lair:4   | Received a gift from Okawaru
 19466 | Lair:4   | Reached skill level 15 in Polearms
 19877 | Lair:5   | Identified the +5 falchion of Viny Valour {drain, rF+
                  | Str+2}
 19923 | Lair:5   | Found a transporter.
 19923 | Lair:5   | Found a transporter.
 20467 | Lair:6   | Entered Level 6 of the Lair of Beasts
 20565 | Lair:6   | Gained mutation: Your movements are less encumbered by
                  | armour. (ER -4) [demonic ancestry]
 20565 | Lair:6   | Reached XP level 15. HP: 110/115 MP: 22/22
 20601 | Lair:6   | Reached skill level 16 in Polearms
 20611 | Lair:6   | Found a gate leading to a gauntlet.
 20620 | Gauntlet | Entered a Gauntlet
 20620 | Gauntlet | Found a transporter.
 20620 | Gauntlet | Found a transporter.
 20630 | Gauntlet | Found a transporter.
 20645 | Gauntlet | Found a transporter.
 20661 | Gauntlet | Found a transporter.
 20673 | Gauntlet | Found a transporter.
 20755 | Gauntlet | Found a transporter.
 20770 | Gauntlet | Found a transporter.
 20772 | Gauntlet | Found a large runed translucent door.
 20773 | Gauntlet | Found a large runed translucent door.
 20774 | Gauntlet | Found a large runed translucent door.
 20774 | Gauntlet | Found a large runed translucent door.
 20784 | Gauntlet | Found a transporter.
 20797 | Gauntlet | Found a transporter.
 20814 | Gauntlet | Found a transporter.
 20828 | Gauntlet | Found a large runed translucent door.
 20881 | Gauntlet | Found a transporter.
 20883 | Gauntlet | Found a large runed translucent door.
 20884 | Gauntlet | Found a large runed translucent door.
 20885 | Gauntlet | Found a large runed translucent door.
 20885 | Gauntlet | Found a large runed translucent door.
 20885 | Gauntlet | Found a runed translucent door.
 20885 | Gauntlet | Found a runed translucent door.
 20886 | Gauntlet | Found a transporter.
 20887 | Gauntlet | Found a large runed translucent door.
 20888 | Gauntlet | Found a large runed translucent door.
 20888 | Gauntlet | Found a large runed translucent door.
 20888 | Gauntlet | Found a large runed translucent door.
 20889 | Gauntlet | Found a large runed translucent door.
 20889 | Gauntlet | Found a large runed translucent door.
 20890 | Gauntlet | Found a runed translucent gate.
 20890 | Gauntlet | Found a runed translucent gate.
 20890 | Gauntlet | Found a runed translucent gate.
 20892 | Gauntlet | Found a transporter.
 20902 | Gauntlet | Found a transporter.
 20904 | Gauntlet | Found a transporter.
 20984 | Gauntlet | Found a large runed translucent door.
 21007 | Gauntlet | Received a gift from Okawaru
 21019 | Gauntlet | Identified the +1 pair of boots of the Valley of Death
                  | {Rampage Dex+2}
 21035 | Gauntlet | Identified the +9 rapier of the Pits of Slime {vamp, Str+2
                  | Int+6 Stlth+}
 21112 | Gauntlet | Identified the amulet "Teloc" {Reflect rCorr SH+5}
 21515 | Lair:6   | Reached skill level 17 in Polearms
 21547 | Lair:6   | Identified the +1 pair of gloves "Vowkod Naho" {rC++ Str+8
                  | Int-5 Dex-3} (Okawaru gifted it to you on level 6 of the
                  | Lair of Beasts)
 21547 | Lair:6   | Received a gift from Okawaru
 21999 | Lair:6   | Found a viscous altar of Jiyva.
 21999 | Lair:6   | Found a staircase to the Slime Pits.
 22645 | Orc:1    | Entered Level 1 of the Orcish Mines
 23067 | Orc:2    | Entered Level 2 of the Orcish Mines
 23067 | Orc:2    | Noticed Rupert
 23071 | Orc:2    | Noticed an orc warlord
 23233 | Orc:1    | Killed Rupert
 23280 | Orc:1    | Killed an orc warlord
 23654 | Orc:2    | Gained mutation: You have a tail ending in a sharp stinger.
                  | [demonic ancestry]
 23654 | Orc:2    | Reached XP level 16. HP: 96/124 MP: 19/23
 23681 | Orc:2    | Received a gift from Okawaru
 23689 | Orc:2    | Found Piyqust's Armour Boutique.
 23689 | Orc:2    | Found Feival's Armour Emporium.
 23701 | Orc:2    | Found Haamarphaida's Weapon Boutique.
 23701 | Orc:2    | Found Obboix's Assorted Antiques.
 23820 | Orc:2    | Found a staircase to the Elven Halls.
 24161 | Snake:1  | Entered Level 1 of the Snake Pit
 25137 | Snake:1  | Reached skill level 18 in Polearms
 25419 | Snake:2  | Identified the +10 spear of the Fool {vorpal, rPois MP-9
                  | Int+2} (Okawaru gifted it to you on level 2 of the Snake
                  | Pit)
 25419 | Snake:2  | Received a gift from Okawaru
 25531 | Snake:2  | Found a runed translucent gate.
 25531 | Snake:2  | Found a runed translucent gate.
 25533 | Snake:2  | Found an opulent altar of Gozag.
 25540 | Snake:2  | Found a runed translucent gate.
 25604 | Snake:2  | Identified a scroll of acquirement
 25905 | Snake:2  | Noticed Aizul
 25987 | Snake:2  | Found Ysoaseho's Assorted Antiques.
 25988 | Snake:2  | Noticed Zibatyor's ghost (journeyman MiFi)
 26123 | Snake:2  | Acquired a +2 vampiric demon trident
 26143 | Snake:2  | Killed Aizul
 26377 | Snake:2  | Identified the +7 halberd "Vinalue" {vorpal, rPois Dex+4}
                  | (Okawaru gifted it to you on level 2 of the Snake Pit)
 26377 | Snake:2  | Received a gift from Okawaru
 26838 | Snake:3  | Noticed Vashnia
 26856 | Snake:3  | Killed Vashnia
 26954 | Snake:3  | Reached XP level 17. HP: 118/133 MP: 21/24
 26956 | Snake:3  | Identified the +3 plate armour of Lugonu's Felicitations
                  | {Str+3 Int+3}
 27147 | Snake:3  | Identified the +9 glaive of Drought {flame, rC+ Int-5
                  | Dex+2} (Okawaru gifted it to you on level 3 of the Snake
                  | Pit)
 27147 | Snake:3  | Received a gift from Okawaru
 27262 | Snake:3  | Found a shadowy altar of Dithmenos.
 27474 | Snake:3  | Reached skill level 10 in Dodging
 27891 | Snake:4  | Entered Level 4 of the Snake Pit
 28191 | Snake:4  | Reached skill level 19 in Polearms
 28456 | Snake:4  | Noticed Nikola
 28484 | Snake:4  | Killed Nikola
 28487 | Snake:4  | Identified the +6 swamp dragon scales "Mithryzixt" {rPois
                  | Int+3} (Okawaru gifted it to you on level 4 of the Snake
                  | Pit)
 28487 | Snake:4  | Received a gift from Okawaru
 29161 | Snake:4  | Got a serpentine rune of Zot
 29605 | Swamp:1  | Entered Level 1 of the Swamp
 30114 | Swamp:2  | Found a transporter.
 30158 | Swamp:2  | Noticed SeagullWaffle's ghost (adept DsBe)
 30211 | Swamp:2  | Found a transporter.
 30380 | Swamp:2  | Gained mutation: Your movements are significantly less
                  | encumbered by armour. (ER -6) [demonic ancestry]
 30380 | Swamp:2  | Reached XP level 18. HP: 142/142 MP: 25/25
 30405 | Swamp:2  | Noticed Mlioglotl
 30414 | Swamp:2  | Killed Mlioglotl
 31052 | Swamp:2  | Killed SeagullWaffle's ghost
 31056 | Swamp:2  | Acquired a manual of Invocations
 31303 | Swamp:2  | Identified the +1 spear "Furof" {freeze, rF+} (Okawaru
                  | gifted it to you on level 2 of the Swamp)
 31303 | Swamp:2  | Received a gift from Okawaru
 31780 | Swamp:3  | Identified the +5 rapier of Karma {flame, +Blink Will-
                  | Str+5 Dex+2}
 31943 | Swamp:4  | Entered Level 4 of the Swamp
 32204 | Swamp:4  | Identified Roxanne's Reference Book on the Mountains
 32204 | Swamp:4  | Noticed Roxanne
 32258 | Swamp:4  | Reached skill level 20 in Polearms
 32276 | Swamp:4  | Acquired the +0 cloak of Chill Winds {rN+ Str+7 Dex-2
                  | Stlth+}
 32450 | Swamp:4  | Identified the +0 pair of boots "Xugej" {rN+ rCorr Stlth+}
                  | (Okawaru gifted it to you on level 4 of the Swamp)
 32450 | Swamp:4  | Received a gift from Okawaru
 32745 | Swamp:4  | Found a runed translucent gate.
 32746 | Swamp:4  | Found a runed translucent gate.
 32747 | Swamp:4  | Found a runed translucent gate.
 32749 | Swamp:4  | Noticed NoAnimeNoLife's ghost (adept KoBr)
 33029 | Swamp:4  | Got a decaying rune of Zot
 33882 | Elf:1    | Entered Level 1 of the Elven Halls
 34451 | Elf:1    | Noticed Agnes
 34458 | Elf:1    | Killed Agnes
 34552 | Elf:1    | Reached XP level 19. HP: 150/150 MP: 28/28
 34972 | Elf:2    | Received a gift from Okawaru
 35214 | Elf:2    | Paralysed by an air elemental for 1 turns
 35218 | Elf:2    | Paralysed by an air elemental for 1 turns
 35221 | Elf:2    | Paralysed by an air elemental for 1 turns
 35597 | Elf:2    | Paralysed by an air elemental for 1 turns
 36010 | Elf:2    | Found a runed translucent gate.
 36016 | Elf:2    | Found a runed translucent gate.
 36017 | Elf:2    | Found a runed translucent gate.
 36070 | Elf:3    | Entered Level 3 of the Elven Halls
 36105 | Elf:3    | Identified the +0 ring mail "Leomocia" {rElec rN+ Dex+2}
                  | (Okawaru gifted it to you on level 3 of the Elven Halls)
 36105 | Elf:3    | Received a gift from Okawaru
 36180 | Elf:3    | Found a shimmering blue altar of Sif Muna.
 36440 | Elf:3    | Found Gotorol's Jewellery Shop.
 36449 | Elf:3    | Bought the ring "Dodos" {Fly rElec rPois rC+ Slay-2} for
                  | 627 gold pieces
 37262 | Elf:3    | Identified the amulet "Xuros" {RegenMP Rampage rC+ rCorr
                  | Str-4}
 37284 | Elf:3    | HP: 7/152 [deep elf master archer/arrow (17)]
 37285 | Elf:3    | Reached skill level 21 in Polearms
 37290 | Elf:3    | Reached skill level 15 in Invocations
 37300 | Elf:3    | Killed from afar by a deep elf elementalist

Illustrated notes

Levels and vault maps discovered:
D:1:      spicycebolla_arrival_transporter_tutorial, layout_basic
D:2:      layout_basic, ebering_ecumenical_altar_hall, minmay_indecisive_spiral
D:3:      cheibrodos_thug_alley, layout_loops_ring, pf_just_have_faith,
          minmay_surrounded
D:4:      layout_basic, minmay_puff, uniq_crazy_yiuf_cottage
D:5:      layout_loops_cross, hex_large
D:6:      layout_loops_ring
D:7:      layout_rooms, mainiacjoe_overflow_alcove_1,
          minmay_temple_entry_antechambers, gammafunk_ghost_grave
D:8:      minmay_octagon_keep, layout_rooms, nicolae_yredelemnul_corpse_copse,
          nemelex_diamond_rough_becter, grunt_temple_overflow_cloverleaf,
          mainiacjoe_overflow_two_lobes, serial_shops, shop, uniq_maggie
D:9:      layout_basic, nicolae_gozag_cash_rules_everything_around_me,
          enter_bailey_2
D:10:     layout_loops_ring, grunt_temple_overflow_order_and_chaos_1, erik_orc_4
D:11:     layout_loops_ring, serial_bayou, serial_bayou_ford_a,
          serial_bayou_shore_a, serial_bayou_lagoon_a, serial_bayou_pond_c,
          serial_bayou_pond_b, lightli_corner_chamber, uniq_psyche, uniq_urug,
          uniq_erica
D:12:     nzn_winding_woodlands_three_and_one
          [nzn_winding_woodlands_5x15_default,
          nzn_winding_woodlands_5x15_sidewinder,
          nzn_winding_woodlands_5x15_parted,
          nzn_winding_woodlands_center_triple_pond], layout_rooms, serial_shops,
          nicolae_square_shop, uniq_fannar
D:13:     layout_basic
D:14:     layout_gridville, david_vaults_1, minmay_misc_feat_rows
D:15:     grunt_enter_depths_magical_seal, layout_gridville,
          nzn_wu_jian_contemplation, nicolae_sif_muna_condensation
Temple:   compressed_dpeg_triangle_lava_temple
Lair:1:   layout_layer_cave, infiniplex_staircase_pool, lemuel_fruit_fields,
          uniq_joseph
Lair:2:   layout_loops_ring, guppyfry_snake_entry_island
Lair:3:   layout_chaotic_city, palyth_hydra_swamp_entry, grunt_megastairs_4,
          infiniplex_staircase_pool_2
Lair:4:   layout_regular_city, grunt_megastairs_3
Lair:5:   gammafunk_boulding_lane, layout_big_grid, grunt_forest_stairs_basic
Lair:6:   hangedman_lair_caniforms_friends, layout_regular_city,
          hangedman_lair_tendril_chambers, dpeg_slime_entry_enclosed_altar,
          gauntlet_entry_generic
Swamp:1:  layout_basic_swamp, nicolae_swamp_long_stream, swamp_pool4
Swamp:2:  layout_falls_marsh, gammafunk_ghost_mausoleum,
          evilmike_swamp_ruin_house_3, wheals_swamp_sinkhole, uniq_mlioglotl
Swamp:3:  layout_falls_marsh, nicolae_swamp_bean_lake, swamp_pool1
Swamp:4:  swamp_basic_johnstein, layout_basic_swamp, gammafunk_ghost_necromancy,
          uniq_roxanne
Snake:1:  layout_gridlike
Snake:2:  layout_cave_town, ebering_ghost_gozag, nicolae_snake_scaly_snakehead,
          uniq_aizul
Snake:3:  layout_chambers, basic_altar, nicolae_snake_springs, uniq_vashnia
Snake:4:  snake_pit, layout_grid_shapes, st_stairs_9, grunt_megastairs_5,
          uniq_nikola
Orc:1:    layout_caves, nicolae_orc_lost_temple
Orc:2:    grunt_orc_tribal_feast, layout_caves, special_room, uniq_rupert
Elf:1:    nicolae_elf_arrival_no_cutting_in_line, layout_loops_corners,
          hangedman_elf_disciples, ebering_dispersal_statue_hall, uniq_agnes
Elf:2:    elven_hall_of_blades_hangedman_original
          [nicolae_blade_entry_diamond_columns], layout_geoelf_grid,
          grunt_ministairs_3, onia_ninara_cookie
Elf:3:    nooodl_elf_gasket, layout_geoelf_diagonals, serial_shops,
          nicolae_shop_trees, lemuel_statue_altar

Skill      XL: |  1  2  3  4  5  6  7  8  9 10 11 12 13 14 15 16 17 18 19 |
---------------+----------------------------------------------------------+-----
Polearms       | 2 3 4 5 7 8 10 11 12 15 17 18 19 20 21 | 21.0
Shields        | 3 4 5 6 7 8 9 10 11 12 13 | 13.5
Armour         | 3 4 5 6 7 8 9 10 11 12 13 | 13.5
Fighting       | 4 5 6 7 8 9 10 11 12 13 14 | 14.0
Invocations    | 1 5 8 10 12 15 | 15.0
Axes           | 3 |  3.1
Dodging        | 2 4 5 7 8 9 10 11 12 | 12.2

Action                   |  1- 3 |  4- 6 |  7- 9 | 10-12 | 13-15 | 16-18 | 19-21 || total
-------------------------+-------+-------+-------+-------+-------+-------+-------++-------
Melee: Trident           |   107 |   200 |   295 |   441 |  1232 |  1330 |   285 ||  3890
       Broad axe         |       |       |   112 |   106 |       |       |       ||   218
       Tailslap          |       |       |    16 |    95 |   221 |   212 |    37 ||   581
Evoke: Wand              |       |       |     5 |       |     4 |       |    13 ||    22
       Condenser vane    |       |       |       |       |       |       |     1 ||     1
  Use: Scroll            |       |    13 |     8 |     7 |     9 |    14 |     6 ||    57
       Potion            |       |       |       |       |     2 |     1 |     1 ||     4
 Stab: Distracted        |       |       |       |     6 |    22 |    22 |     2 ||    52
       Petrified         |       |       |       |       |     5 |       |       ||     5
       Petrifying        |       |       |       |       |     2 |       |       ||     2
       Invisible         |       |       |       |       |     1 |       |       ||     1
Armor: Scale mail        |    42 |    28 |       |       |       |       |       ||    70
       Plate armour      |       |    59 |   130 |       |    30 |   425 |    75 ||   719
       Chain mail        |       |       |   140 |   169 |   379 |       |       ||   688
Dodge: Dodged            |    28 |    69 |   213 |   225 |   488 |   360 |    38 ||  1421
Block: Buckler           |    22 |    25 |    99 |   103 |   305 |   137 |       ||   691
       Tower shield      |       |       |       |       |       |   440 |    97 ||   537
       Reflection        |       |       |       |       |       |    22 |    20 ||    42

Table legend: (Time is in decaauts)
 A = Elapsed time spent in this place.
 B = Non-inter-level travel time spent in this place.
 C = Inter-level travel time spent in this place.
 D = Time resting spent in this place.
 E = Time spent auto-exploring this place.
 F = Levels seen in this place.
 G = Mean time per level.
                   A        B        C        D        E       F      G
               +--------+--------+--------+--------+--------+-----+--------+
         Total |  36878 |  34898 |   1980 |   7660 |  18600 |  39 |  945.6 |
       Dungeon |  16118 |  15244 |    874 |   3916 |   8029 |  15 | 1074.5 |
        Temple |    241 |    231 |     10 |      0 |    191 |   1 |  241.0 |
          Lair |   5161 |   4722 |    439 |      2 |   3719 |   6 |  860.2 |
         Swamp |   4219 |   3943 |    276 |   1032 |   1708 |   4 | 1054.8 |
     Snake Pit |   5091 |   4868 |    223 |   1540 |   2277 |   4 | 1272.8 |
  Orcish Mines |   1279 |   1150 |    129 |     77 |    769 |   2 |  639.5 |
   Elven Halls |   3362 |   3335 |     27 |    733 |   1614 |   3 | 1120.7 |
         Abyss |    299 |    299 |      0 |     94 |      0 |   2 |  149.5 |
        Bailey |    555 |    555 |      0 |    259 |     27 |   1 |  555.0 |
      Gauntlet |    547 |    547 |      0 |      4 |    265 |   1 |  547.0 |
               +--------+--------+--------+--------+--------+-----+--------+

Top non-repeatable levels by time:
 Swamp:4: 1730 daAuts
     D:2: 1726 daAuts
    D:11: 1562 daAuts
     D:8: 1560 daAuts
 Snake:4: 1448 daAuts
     D:5: 1416 daAuts
  Lair:6: 1308 daAuts
     D:4: 1291 daAuts
 Snake:3: 1283 daAuts
 Snake:2: 1278 daAuts
   Elf:1: 1245 daAuts
    D:14: 1178 daAuts
   Elf:2: 1158 daAuts
    D:10: 1106 daAuts
 Snake:1: 1081 daAuts
